 Dungeon Crawl Stone Soup version 0.23.1-37-gaa34b87 (webtiles) character file.

Game seed: 15499554206864276909

77 kae the Charmwright (level 4, 0/34 HPs)
             Began as a Demonspawn Skald on Mar 22, 2019.
             Slain by an adder zombie (2 damage)
             ... in an ossuary.
             The game lasted 00:03:07 (1615 turns).

kae the Charmwright (Demonspawn Skald)              Turns: 1615, Time: 00:03:07

Health: 0/34       AC:  5    Str: 12    XL:     4   Next: 13%
Magic:  2/7        EV: 12    Int: 14    God:
Gold:   146        SH:  0    Dex: 13    Spells: 2/7 levels left

rFire    + + .     SeeInvis .     - Unarmed
rCold    + . .     Gourm    .   (no shield)
rNeg     . . .     Faith    .   a - +0 leather armour
rPois    +         Spirit   .   (no helmet)
rElec    +         Reflect  .   (no cloak)
rCorr    +         Harm     .   (no gloves)
MR       .....                  h - +1 pair of boots (curse)
Stlth    ++........             (no amulet)
HPRegen  0.11/turn              (no ring)
MPRegen  0.10/turn              (no ring)

@: resistant, flying
A: fire resistance 1, nightstalker 1, flame cloud immunity
a: no special abilities


You were in an ossuary.
You were hungry.

You visited 1 branch of the dungeon, and saw 4 of its levels.
You also visited: Ossuary.

You collected 146 gold pieces.

Inventory:

Armour
 a - a +0 leather armour (worn)
 h - a cursed +1 pair of boots (worn)
Scrolls
 b - 4 scrolls of identify
 d - a scroll of enchant weapon
Potions
 e - a potion of resistance
Comestibles
 c - 3 rations
 f - a chunk of flesh


   Skills:
 + Level 2.7 Fighting
 - Level 0.8 Armour
 - Level 1.7 Dodging
 * Level 3.1 Unarmed Combat
 - Level 2.0 Spellcasting
 + Level 3.2 Charms


You had 2 spell levels left.
You knew the following spells:

 Your Spells              Type           Power        Failure   Level  Hunger
a - Infusion              Chrm           ##..         8%          1    ##.....
b - Song of Slaying       Chrm           ##......     12%         2    ###....
c - Shroud of Golubria    Chrm/Tloc      #.........   24%         2    ###....

Your spell library contained the following spells:

 Spells                   Type           Power        Failure   Level  Hunger
 Regeneration             Chrm/Necr      #.........   43%         3    ####...
 Spectral Weapon          Hex/Chrm       #.......     43%         3    ####...


Dungeon Overview and Level Annotations

Branches:
Dungeon (2/15)

Altars:
The Shining One


Innate Abilities, Weirdness & Mutations

Your flesh is heat resistant. (rF+)
You are slightly more attuned to the shadows.
You are immune to clouds of flame.


Message History

You destroy the hobgoblin zombie!
The adder zombie bites you but does no damage.
The adder zombie bites you.
* * * LOW HITPOINT WARNING * * *
You hit the adder zombie.
You destroy the adder zombie!
The goblin zombie hits you but does no damage.
The adder zombie misses you.
You hit the rat zombie.
You destroy the rat zombie!
The goblin zombie hits you but does no damage.
The adder zombie barely misses you.
You hit the adder zombie.
The adder zombie is severely damaged.
The adder zombie barely misses you. The goblin zombie barely misses you.
You hit the goblin zombie but do no damage.
The goblin zombie is lightly damaged.
The kobold zombie hits you but does no damage.
The adder zombie bites you.
You die...

##### ### ###
#$$?#######.###.##
#.??^^.^#.........
#Z∩?^^∩^'.........
#ZZ?^^^^#.........
#@ZZ#######.###.##
##### ### ###


You could see 2 adder zombies, a goblin zombie, a hobgoblin zombie and a kobold
zombie.

Vanquished Creatures
  3 gnolls (D:2)
  An adder (D:7)
  An ooze (D:1)
  An adder zombie (Ossuary)
  A dart slug (D:1)
  3 bats (D:1)
  2 giant cockroaches (D:1)
  3 goblins (D:1)
  2 hobgoblins
  A quokka (D:2)
  3 hobgoblin zombies (Ossuary)
  3 kobolds
  A quokka zombie (Ossuary)
  12 rats
  2 rat zombies (Ossuary)
39 creatures vanquished.

Vanquished Creatures (others)
  A kobold zombie (Ossuary)
1 creature vanquished.

Grand Total: 40 creatures vanquished

Notes
Turn   | Place    | Note
-------+----------+-------------------------------------------
     0 | D:1      | kae the Demonspawn Skald began the quest for the Orb.
     0 | D:1      | Reached XP level 1. HP: 16/16 MP: 3/3
   178 | D:1      | Found a glowing golden altar of the Shining One.
   232 | D:1      | Gained mutation: Your flesh is heat resistant. (rF+)
                  | [demonic ancestry]
   232 | D:1      | Reached XP level 2. HP: 21/22 MP: 5/5
  1218 | D:2      | Learned a level 2 spell: Song of Slaying
  1221 | D:2      | Learned a level 2 spell: Shroud of Golubria
  1231 | D:2      | Gained mutation: You are immune to clouds of flame.
                  | [demonic ancestry]
  1231 | D:2      | Reached XP level 3. HP: 28/28 MP: 3/6
  1419 | D:2      | You fall through a shaft for 2 floors!
  1423 | D:4      | You fall through a shaft for 3 floors!
  1460 | D:7      | Gained mutation: You are slightly more attuned to the
                  | shadows. [demonic ancestry]
  1460 | D:7      | Reached XP level 4. HP: 25/34 MP: 2/7
  1513 | D:7      | Found a sand-covered staircase.
  1520 | Ossuary  | Entered an ossuary
  1611 | Ossuary  | HP: 1/34 [adder zombie (2)]
  1615 | Ossuary  | Slain by an adder zombie

Skill      XL: |  1  2  3 |
---------------+----------+-----
Unarmed Combat | 2 3 |  3.1
Charms         | 3 |  3.2
Fighting       | |  2.7
Armour         | |  0.8
Dodging        | |  1.7
Spellcasting   | |  2.0

Action                   |  1- 3 |  4- 6 || total
-------------------------+-------+-------++-------
Melee: Unarmed           |   126 |    19 ||   145
       Punch             |     1 |     1 ||     2
 Cast: Infusion          |    12 |     1 ||    13
  Use: Scroll            |     4 |       ||     4
       Potion            |     2 |     2 ||     4
  Eat: Chunk             |     2 |       ||     2
Armor: Leather armour    |    46 |    31 ||    77
Dodge: Dodged            |    73 |    47 ||   120
